 Dungeon Crawl Stone Soup version 0.31-a0-358-gac0dbeb3ab (webtiles) character file.

Game seed: 14585933576896244513

25488 Snakez the Protected (level 12, -15/111 HPs)
             Began as an Armataur Fighter on July 25, 2023.
             Was a High Priest of Cheibriados.
             Demolished by an ogre
             ... wielding a +0 giant club
             ... led by Lodul
              (24 damage)
             ... on level 10 of the Dungeon.
             The game lasted 00:09:48 (9860 turns).

Snakez the Protected (Armataur Fighter)             Turns: 9860, Time: 00:09:48

Health: -15/111    AC: 14    Str: 37    XL:     12   Next: 89%
Magic:  15/18      EV: 12    Int: 23    God:    Cheibriados [*****.]
Gold:   578        SH: 13    Dex: 21    Spells: 11/11 levels left

rFire   + . .        a - +3 whip
rCold   + . .        c - +5 buckler "Yridwop" {Int+3}
rNeg    . . .        b - +0 chain mail
rPois   .            D - +0 helmet
rElec   .            M - scarf {rC+ rF+}
rCorr   .            u - +0 pair of gloves
SInv    .            (no barding)
Will    .....        (no amulet) Stlth
                     l - +5 ring of evasion
HPRegen 0.38/turn    q - +4 ring of slaying
MPRegen 0.16/turn

%: roll
@: very slow
A: large, rugged brown scales 3, deformed body, armoured tail, roll, long
tongue, awkward tongue
a: Renounce Religion, Bend Time, Temporal Distortion, Slouch, Step From Time


You were on level 10 of the Dungeon.
You worshipped Cheibriados.
Cheibriados was extremely pleased with you.
You visited 2 branches of the dungeon, and saw 11 of its levels.
You also visited: Bailey.

You collected 578 gold pieces.

Inventory:

Hand Weapons
 a - a +3 whip (weapon)
Missiles
 L - a throwing net
Armour
 b - a +0 chain mail (worn)
 c - the +5 buckler "Yridwop" (worn) {Int+3}
   (You found it on level 7 of the Dungeon)

   Int:       It affects your intelligence (+3).
 u - a +0 pair of gloves (worn)
 D - a +0 helmet (worn)
 M - a scarf of resistance (worn)
Jewellery
 k - a +5 ring of evasion
 l - a +5 ring of evasion (left hand)
 q - a +4 ring of slaying (right hand)
 B - a +6 ring of strength
 N - a ring of protection from cold
Wands
 y - a wand of flame (16)
 G - a wand of charming (12)
Scrolls
 f - a scroll of noise {unknown}
 g - a scroll of blinking {unknown}
 h - a scroll of teleportation
 m - 5 scrolls of brand weapon {unknown}
 o - 2 scrolls of immolation {unknown}
 s - 8 scrolls of identify {unknown}
 w - a scroll of revelation {unknown}
 x - 2 scrolls of poison {unknown}
 A - a scroll of amnesia {unknown}
 F - a scroll of silence {unknown}
 H - a scroll of fog {unknown}
Potions
 d - 2 potions of might
 e - 2 potions of curing
 i - a potion of enlightenment {unknown}
 j - 4 potions of resistance
 p - 2 potions of cancellation
 r - a potion of berserk rage {unknown}
 t - 2 potions of lignification {unknown}
 v - 2 potions of heal wounds {unknown}
 z - 5 potions of mutation {unknown}
 C - 2 potions of brilliance
 E - 2 potions of attraction {unknown}
 I - a potion of invisibility {unknown}
 K - a potion of magic {unknown}


   Skills:
 + Level 9.0 Fighting
 + Level 8.7 Maces & Flails
 + Level 11.6 Armour
 + Level 10.6 Shields
 + Level 8.6 Invocations


You had 11 spell levels left.
You didn't know any spells.
Your spell library contained the following spells:

 Spells                   Type           Power      Damage    Failure   Level
 Apportation              Tloc           0%         N/A       41%         1
 Foxfire                  Conj/Fire      0%         2x1d4     41%         1
 Necrotise                Necr           0%         1d4       41%         1
 Slow                     Hex            0%         N/A       41%         1
 Summon Small Mammal      Summ           0%         N/A       41%         1
 Call Canine Familiar     Summ           0%         N/A       78%         3
 Confusing Touch          Hex            0%         N/A       78%         3
 Ozocubu's Armour         Ice            0%         N/A       78%         3
 Portal Projectile        Hex/Tloc       0%         N/A       78%         3
 Tukima's Dance           Hex            0%         N/A       78%         3
 Vampiric Draining        Necr           0%         2d6       78%         3
 Animate Dead             Necr           0%         N/A       99%         4
 Leda's Liquefaction      Hex/Erth       0%         N/A       99%         4
 Starburst                Conj/Fire      0%         6d3       100%        6
 Haunt                    Necr/Summ      0%         N/A       100%        7
 Ozocubu's Refrigeration  Ice            0%         4d7       100%        7
 Infestation              Necr           0%         N/A       100%        8


Dungeon Overview and Level Annotations

Branches:
Dungeon (10/15)            Temple (1/1) D:4            Lair (0/5) D:9
 Bailey (visited)
    Orc: D:9-12

Altars:
Ashenzari
Cheibriados
Dithmenos
Elyvilon
Fedhas
Gozag
Hepliaklqana
Kikubaaqudgha
Makhleb
Nemelex Xobeh
Okawaru
Qazlal
Ru
Sif Muna
Trog
Uskayaw
Vehumet
Wu Jian
Xom
Yredelemnul
Zin
The Shining One

Annotations:
D:3 2 transporters, Thatcher's ghost, amateur HOBe
D:10 Lodul


Innate Abilities, Weirdness & Mutations

You are completely covered in rugged brown scales. (AC +3, +7% HP)
Armour fits poorly on your strangely shaped body.
You have a long armoured tail.
You roll when moving toward enemies. (Rampage)
Your long tongue fully drains potion bottles. (2x potion effects)
Your tongue gives you trouble enunciating. (1.5x scroll delay)


Message History

You feel stronger.
You block the unseen horror zombie's attack.
The unseen horror zombie hits you but does no damage.
Lodul hits you with a +0 dire flail.
A kobold brigand comes into view.
It is wielding a +1 dagger of speed and quivering poisoned darts.
The ogre hits you with a +0 giant club!
* * * LOW HITPOINT WARNING * * *
An orc comes into view. It is wielding a +0 dagger.
The ogre hits you with a +0 giant spiked club.
* * * LOW HITPOINT WARNING * * *
The unseen horror zombie hits you.
* * * LOW HITPOINT WARNING * * *
It was a potion of resistance.
You feel protected.
You slurp down every last drop of the potion of resistance!
The unseen horror zombie hits you but does no damage. x2
The ogre hits you but does no damage. You block the ogre's attack.
The kobold demonologist mumbles some strange words.
The ogre hits you with a +0 giant spiked club!
* * * LOW HITPOINT WARNING * * *
Lodul hits you with a +0 dire flail!!
* * * LOW HITPOINT WARNING * * *
A wraith comes into view.
It was a potion of cancellation.
Your magical effects are unravelling.
You feel magically purged.
You slurp down every last drop of the potion of cancellation!
You feel less wooden.
Your scarf of resistance unmelds from your body.
Your +0 helmet unmelds from your body.
Your +0 pair of gloves unmelds from your body.
Your +0 chain mail unmelds from your body.
You feel resistant to extremes of temperature.
Your resistance to elements expires.
The sentinel's mark upon you fades away.
The unseen horror zombie hits you but does no damage.
You block the unseen horror zombie's attack.
A kobold comes into view. It is wielding a +0 short sword.
The ogre hits you with a +0 giant club!!
You die... #....# #....# #....## #.....# #(.<..# #..)(.# #..?..# #..OO.# #.Z@OO# #.OOOo#

......Z..oK
...........KK88
..........5..KW
...........[...
..[............
#.###.....#####


You could see Lodul, a kobold demonologist, a wraith, a kobold brigand, 6 ogres,
an iron imp (summoned), 2 orcs, an unseen horror zombie, a howler monkey zombie
and 2 kobolds.

Vanquished Creatures
  Harold (D:10)
  Erica (D:8)
  Pikel (D:8)
  A centaur zombie (D:10)
  An unseen horror (D:7)
  2 wyverns (D:9)
  7 yaks
  A steam dragon (D:9)
  2 vampire mosquitoes (D:10)
  6 water moccasins
  3 orc warriors
  2 black bears
  3 ogres
  A centaur (D:5)
  A kobold brigand (D:6)
  6 bullfrogs
  2 gnoll sergeants
  4 scorpions
  3 howler monkeys (D:9)
  5 hounds
  A jelly (D:4)
  Crazy Yiuf (D:7)
  5 orc priests
  6 iguanas
  A sleepcap (D:5)
  4 orc wizards
  21 gnolls
  9 adders
  A shadow imp (D:8)
  A white imp (D:6)
  An ufetubus (D:6)
  A worm (D:2)
  2 dart slugs
  45 orcs
  7 bats
  8 endoplasms
  7 giant cockroaches
  7 goblins
  5 hobgoblins
  3 jackals
  7 quokkas
  9 ball pythons
  6 frilled lizards
  14 kobolds
  16 rats
241 creatures vanquished.

Notes
Turn   | Place    | Note
-------+----------+-------------------------------------------
     0 | D:1      | Snakez the Armataur Fighter began the quest for the Orb.
     0 | D:1      | Reached XP level 1. HP: 19/19 MP: 1/1
   183 | D:1      | Reached XP level 2. HP: 25/26 MP: 2/2
   335 | D:1      | Reached skill level 4 in Armour
   642 | D:1      | Reached XP level 3. HP: 29/33 MP: 3/3
   883 | D:2      | Identified the +0 leather armour of Understanding {Str+3}
  1022 | D:2      | Found a faded altar of an unknown god.
  1280 | D:2      | Reached XP level 4. HP: 40/40 MP: 4/4
  1619 | D:3      | Noticed a black bear
  1631 | D:3      | Killed a black bear
  1632 | D:3      | Reached XP level 5. HP: 24/48 MP: 5/5
  1735 | D:3      | Found a transporter.
  1747 | D:3      | Found a transporter.
  1747 | D:3      | Noticed Thatcher's ghost (amateur HOBe)
  2137 | D:3      | Reached skill level 5 in Armour
  2183 | D:3      | Reached XP level 6. HP: 23/55 MP: 6/6
  2805 | D:4      | Found a staircase to the Ecumenical Temple.
  2828 | Temple   | Entered the Ecumenical Temple
  2845 | Temple   | Became a worshipper of Cheibriados the Contemplative
  3473 | D:5      | Entered Level 5 of the Dungeon
  3538 | D:5      | Reached skill level 5 in Shields
  3547 | D:5      | Reached skill level 1 in Invocations
  3547 | D:5      | Reached XP level 7. HP: 58/63 MP: 7/7
  3701 | D:5      | Reached * piety under Cheibriados
  3782 | D:5      | Reached skill level 6 in Armour
  3886 | D:5      | Found a shimmering altar of Xom.
  4292 | D:5      | Reached XP level 8. HP: 62/71 MP: 9/9
  4511 | D:5      | Reached ** piety under Cheibriados
  4730 | D:6      | Reached skill level 5 in Fighting
  4829 | D:6      | Reached skill level 7 in Armour
  5235 | D:6      | Reached skill level 5 in Maces & Flails
  5781 | D:7      | Found a runed translucent door.
  5782 | D:7      | Noticed Crazy Yiuf
  5792 | D:7      | Killed Crazy Yiuf
  6204 | D:7      | Killed an unseen horror
  6204 | D:7      | Reached *** piety under Cheibriados
  6205 | D:7      | Reached XP level 9. HP: 30/80 MP: 12/12
  6408 | D:7      | Found a shadowy altar of Dithmenos.
  6410 | D:7      | Found a burning altar of Makhleb.
  6410 | D:7      | Found a white marble altar of Elyvilon.
  6551 | D:7      | Identified the +5 buckler "Yridwop" {Int+3}
  6754 | D:8      | Found a hide-covered altar of Uskayaw.
  6913 | D:8      | Noticed Erica
  6932 | D:8      | Killed Erica
  6933 | D:8      | Reached skill level 8 in Armour
  6933 | D:8      | Reached skill level 5 in Invocations
  7784 | D:8      | Noticed Pikel
  7809 | D:8      | Reached XP level 10. HP: 67/89 MP: 14/14
  7817 | D:8      | Killed Pikel
  7818 | D:8      | Reached skill level 9 in Armour
  8287 | D:9      | Found a staircase to the Lair.
  8297 | D:9      | Reached **** piety under Cheibriados
  8373 | D:9      | Found a flagged portal.
  8397 | Bailey   | Entered a bailey
  9076 | D:9      | Got the Codex of the Charmed Sun
  9585 | D:10     | Entered Level 10 of the Dungeon
  9591 | D:10     | Noticed Harold
  9595 | D:10     | Reached ***** piety under Cheibriados
  9845 | D:10     | Noticed Lodul
  9846 | D:10     | Killed Harold
  9847 | D:10     | Reached skill level 10 in Armour
  9858 | D:10     | Reached skill level 11 in Armour
  9858 | D:10     | Reached skill level 10 in Shields
  9858 | D:10     | Reached XP level 11. HP: 53/103 MP: 15/17
  9858 | D:10     | Reached XP level 12. HP: 57/111 MP: 15/18
  9860 | D:10     | Demolished by an ogre

Illustrated notes

Levels and vault maps discovered:
D:1:      evilmike_arrival_plus, layout_loops_ring, minmay_misc_feat_tower
D:2:      layout_loops_ring, hellmonk_ecumenical_altar_heavens_door,
          corexii_item_surrounded_by_moat, kennysheep_crisscross
D:3:      layout_basic, gammafunk_ghost_arena, kennysheep_generic_room_5
D:4:      layout_loops_cross, minmay_temple_entry_statues_fountains,
          kennysheep_diamond
D:5:      minmay_skewed_foursquare, layout_loops_ring,
          mainiacjoe_overflow_paths, portal_sewer_entry_d
D:6:      layout_basic
D:7:      layout_basic, grunt_temple_overflow_open, small_statue_alley_b,
          uniq_crazy_yiuf_cottage
D:8:      layout_basic, kennysheep_little_box, uniq_pikel, uniq_erica
D:9:      layout_loops_ring, due_lair_maze_entry_diamond, enter_bailey_7
D:10:     layout_cross, serial_undead, serial_undead_f, serial_undead_b,
          serial_undead_e, serial_undead_e, gammafunk_ghost_arena,
          hangedman_minor_magic, uniq_harold, uniq_lodul
Temple:   nicolae_temple_bog_church

Skill      XL: |  1  2  3  4  5  6  7  8  9 10 |
---------------+-------------------------------+-----
Maces & Flails | 2 3 4 5 6 8 |  8.7
Armour         | 4 5 6 7 8 11 | 11.6
Fighting       | 3 4 5 6 9 |  9.0
Shields        | 4 5 6 7 10 | 10.6
Invocations    | 1 2 4 5 8 |  8.6

Action                     |  1- 3 |  4- 6 |  7- 9 | 10-12 || total
---------------------------+-------+-------+-------+-------++-------
  Melee: Flail             |   158 |    95 |       |       ||   253
         Tailslap          |    10 |    15 |    47 |    39 ||   111
         Whip              |       |    70 |   302 |   200 ||   572
    Use: Scroll            |       |     1 |     1 |       ||     2
         Potion            |       |       |     5 |     6 ||    11
 Armour: Skin              |    10 |       |       |    16 ||    26
         Scale mail        |     3 |       |       |       ||     3
         Chain mail        |    98 |    92 |   161 |    62 ||   413
  Dodge: Dodged            |    53 |   184 |   115 |    75 ||   427
  Block: Buckler           |    38 |    57 |    83 |   146 ||   324

Table legend: (Time is in decaauts)
 A = Elapsed time spent in this place.
 B = Non-inter-level travel time spent in this place.
 C = Inter-level travel time spent in this place.
 D = Time resting spent in this place.
 E = Time spent auto-exploring this place.
 F = Levels seen in this place.
 G = Mean time per level.
                   A        B        C        D        E       F      G
               +--------+--------+--------+--------+--------+-----+--------+
         Total |  11962 |  11497 |    465 |   1807 |   7701 |  12 |  996.8 |
       Dungeon |  11274 |  10809 |    465 |   1634 |   7425 |  10 | 1127.4 |
        Temple |     32 |     32 |      0 |      0 |      0 |   1 |   32.0 |
        Bailey |    655 |    655 |      0 |    173 |    275 |   1 |  655.0 |
               +--------+--------+--------+--------+--------+-----+--------+

Top non-repeatable levels by time:
     D:8: 1884 daAuts
     D:5: 1537 daAuts
     D:9: 1524 daAuts
     D:7: 1300 daAuts
     D:6: 1274 daAuts
     D:2: 1144 daAuts
     D:3: 899 daAuts
     D:4: 828 daAuts
     D:1: 814 daAuts
  Bailey: 655 daAuts
    D:10: 66 daAuts
  Temple: 32 daAuts
